 Dungeon Crawl Stone Soup version 0.24-a0-446-g87df7205b4 (webtiles) character file.

Game seed: 16383037015849979354

102 MachJacob the Sneak (level 5, -1/28 HPs)
             Began as a Kobold Enchanter on June 24, 2019.
             Was an Initiate of Nemelex Xobeh.
             Shot with an arrow by a centaur (12 damage)
             ... on level 5 of the Dungeon.
             The game lasted 00:12:29 (3803 turns).

MachJacob the Sneak (Kobold Enchanter)              Turns: 3803, Time: 00:12:29

Health: -1/28      AC:  2    Str:  5    XL:     5   Next: 5%
Magic:  9/9        EV: 16    Int: 17    God:    Nemelex Xobeh [......]
Gold:   214        SH:  0    Dex: 16    Spells: 3/9 levels left

rFire    . . .     SeeInvis .   a - +1 dagger
rCold    . . .     Gourm    .   (shield restricted)
rNeg     . . .     Faith    .   b - +0 robe
rPois    .         Spirit   .   (no helmet)
rElec    .         Reflect  .   (no cloak)
rCorr    .         Harm     .   (no gloves)
MR       .....                  (no boots)
Stlth    +++.......             (no amulet)
HPRegen  0.09/turn              (no ring)
MPRegen  0.11/turn              (no ring)

@: no status effects
A: small, carnivore
a: Draw Escape, Draw Destruction, Draw Summoning, Renounce Religion


You were on level 5 of the Dungeon.
You worshipped Nemelex Xobeh.
Nemelex Xobeh was noncommittal.
You were completely stuffed.

You visited 1 branch of the dungeon, and saw 4 of its levels.

You collected 214 gold pieces.

Inventory:

Hand Weapons
 a - a +1 dagger (weapon)
Missiles
 f - 30 poisoned darts
 h - 69 stones (quivered)
Armour
 b - a +0 robe (worn)
Jewellery
 m - an uncursed ring of protection from cold {unknown}
   (You found it on level 2 of the Dungeon)
 n - an uncursed ring of flight {unknown}
   (You found it on level 3 of the Dungeon)
Scrolls
 c - a scroll of fear
 i - a scroll of fog {unknown}
 j - a scroll of magic mapping {unknown}
 k - 2 scrolls of identify {@r1}
 l - a scroll of amnesia {unknown}
 p - 2 scrolls of enchant weapon {unknown}
 r - a scroll of immolation {unknown}
Potions
 d - 4 potions of heal wounds {@q2}
 g - a potion of lignification {!q}
 o - a potion of flight {unknown}
 q - a potion of magic {unknown}
Comestibles
 e - 5 rations {!d}
 s - 3 chunks of flesh


   Skills:
 + Level 2.5 Short Blades
 + Level 3.3 Dodging
 - Level 4.0 Stealth
 + Level 2.8 Spellcasting
 * Level 3.9 Hexes
 + Level 1.2 Ice Magic


You had 3 spell levels left.
You knew the following spells:

 Your Spells              Type           Power        Failure   Level  Hunger
a - Corona                Hex            ###....      3%          1    #......
c - Confuse               Hex            ###.....     11%         3    ###....
x - Ensorcelled Hibernat  Hex/Ice        ##....       10%         2    ##.....

Your spell library contained the following spells:

 Spells                   Type           Power        Failure   Level  Hunger
 Tukima's Dance           Hex            ###.....     11%         3    ###....
 Dazzling Spray           Conj/Hex       #.....       24%         3    ###....


Dungeon Overview and Level Annotations

Branches:
Dungeon (3/15)

Altars:
Ashenzari
Hepliaklqana
Nemelex Xobeh
Uskayaw

Annotations:
D:2 Sigmund, Terence
D:3 exclusion: upstairs


Innate Abilities, Weirdness & Mutations

You are small and have problems with some larger weapons.
You are carnivorous and can eat meat at any time.


Message History

You hit the orc. The orc closely misses you.
You hit the orc. You barely miss the orc.
The orc asks, "Where am I?"
The orc completely misses you.
You hit the orc.
You kill the orc!
k - 2 scrolls of identify {@r1} (gained 1)
You see here an orc corpse.
You butcher the orc corpse.
s - 3 chunks of flesh You see here an orc skeleton.
You start resting.
Your magical contamination has completely faded away.
A leopard gecko comes into view.
The leopard gecko bites you but does no damage.
You barely miss the leopard gecko. The leopard gecko barely misses you.
You hit the leopard gecko. The leopard gecko closely misses you.
You barely miss the leopard gecko. The leopard gecko closely misses you.
You hit the leopard gecko. The leopard gecko bites you.
You hit the leopard gecko.
You kill the leopard gecko!
No target in view!
You start resting.
You start resting.
Things that are here:
a +0 club; a goblin skeleton The ice beast is too close now for your liking.
You fall into a shaft and drop 2 floors!
The shaft crumbles and collapses.
An orc comes into view. It is wielding a +0 short sword.
The orc moves out of view.
An orc comes into view. It is wielding a +0 dagger.
The orc shouts! x2; You hear a shout!
A centaur comes into view.
An orc priest comes into view. It is wielding a +0 dagger. x2
The orc priest shouts!
The centaur wields a +0 shortbow.
The centaur shoots an arrow.
The arrow misses you.
The centaur shoots an arrow.
The arrow completely misses you.
You see here an arrow.
The centaur unwields a +0 shortbow.
The centaur hits you!
A frilled lizard comes into view.
The centaur hits you!
* * * LOW HITPOINT WARNING * * *
An orc comes into view. It is wielding a +0 flail.
The centaur wields a +0 shortbow.
The centaur shoots an arrow.
The arrow hits you!
You die...
Your body disappears without a glow.

#.o .#......
#.o ...ol..
#..o #..o..
#... #....
#.......
..#..# .
#.o.# ...
####c.#.....
#.@......#
#######.## #


You could see a centaur.

Vanquished Creatures
  3 adders
  2 oozes
  A worm (D:3)
  A dart slug (D:3)
  3 leopard geckos (D:3)
  2 orcs (D:3)
  3 bats
  3 giant cockroaches
  11 goblins
  5 hobgoblins
  6 jackals
  4 kobolds
  A ball python (D:3)
  2 frilled lizards
  8 rats
55 creatures vanquished.

Vanquished Creatures (others)
  5 toadstools (D:1)
5 creatures vanquished.

Grand Total: 60 creatures vanquished

Notes
Turn   | Place    | Note
-------+----------+-------------------------------------------
     0 | D:1      | MachJacob the Kobold Enchanter began the quest for the Orb.
     0 | D:1      | Reached XP level 1. HP: 10/10 MP: 3/3
   331 | D:1      | Reached XP level 2. HP: 13/15 MP: 1/5
   338 | D:1      | Learned a level 2 spell: Ensorcelled Hibernation
  1055 | D:1      | Found a shattered altar of Ashenzari.
  1274 | D:2      | Reached XP level 3. HP: 16/19 MP: 6/6
  1311 | D:2      | Learned a level 3 spell: Confuse
  1330 | D:2      | Noticed Sigmund
  1524 | D:2      | Found a sparkling altar of Nemelex Xobeh.
  1524 | D:2      | Found a hide-covered altar of Uskayaw.
  1529 | D:2      | Became a worshipper of Nemelex Xobeh the Trickster
  1681 | D:2      | Received a gift from Nemelex Xobeh
  1683 | D:2      | Found a faded altar of an unknown god.
  2275 | D:3      | Found a hazy altar of Hepliaklqana.
  2287 | D:3      | Reached XP level 4. HP: 24/24 MP: 7/7
  2535 | D:3      | Reached skill level 1 in Ice Magic
  2631 | D:3      | Noticed an ice beast
  3521 | D:2      | Noticed Terence
  3622 | D:3      | Reached XP level 5. HP: 17/28 MP: 2/9
  3793 | D:3      | You fall into a shaft and drop 2 floors!
  3793 | D:5      | Entered Level 5 of the Dungeon
  3795 | D:5      | Noticed a centaur
  3803 | D:5      | Shot with an arrow by a centaur

Levels and vault maps discovered:
D:1:      ncdulo_halloftheorcs, layout_basic, minmay_gold_behind_fungi,
          st_stairs_10, chequers_serial_rivers_small_b,
          nicolae_ashenzari_panopticon
D:2:      layout_basic, gammafunk_temple_overflow_elements, first_ration,
          chequers_ecumenical_altar_island, uniq_terence, uniq_sigmund
D:3:      layout_loops_cross, lemuel_round_altar, minmay_quantized
D:5:      layout_cave_pools, minmay_overflow_temple_star_hex, kennysheep_mini,
          minmay_temple_entry_large_hall, serial_shops, kennysheep_little_box,
          ebering_ghost_rock_garden, uniq_eustachio

Skill      XL: |  1  2  3  4 |
---------------+-------------+-----
Short Blades   | 2 |  2.5
Dodging        | 3 |  3.3
Ice Magic      | 1 |  1.2
Stealth        | |  4.0
Spellcasting   | |  2.8
Hexes          | |  3.9

Action                   |  1- 3 |  4- 6 || total
-------------------------+-------+-------++-------
Melee: Dagger            |   160 |    97 ||   257
Throw: Stone             |     3 |     4 ||     7
 Cast: Corona            |    12 |     1 ||    13
       Ensorcelled Hiber |     4 |     6 ||    10
       Confuse           |     3 |    14 ||    17
  Use: Scroll            |     4 |       ||     4
 Stab: Sleeping          |     5 |     6 ||    11
       Confused          |     2 |     3 ||     5
       Distracted        |     1 |       ||     1
  Eat: Chunk             |    13 |     7 ||    20
Armor: Robe              |    17 |     4 ||    21
Dodge: Dodged            |   113 |    67 ||   180

Table legend:
 A = Non-vault XP
 B = Vault XP
 C = Vault XP percentage of total XP
 D = Non-vault monster count
 E = Vault monster count
 F = Vault count percentage of total count
                 A         B        C        D         E       F
            +---------+---------+-------+---------+---------+-------
      Total |     132 |      14 |   9.6 |      49 |       6 |  10.9
            +---------+---------+-------+---------+---------+-------
        D:1 |      23 |       6 |  20.7 |      15 |       3 |  16.7
        D:2 |      35 |       0 |   0.0 |      12 |       0 |   0.0
        D:3 |      74 |       8 |   9.8 |      22 |       3 |  12.0
            +---------+---------+-------+---------+---------+-------
